 Dungeon Crawl Stone Soup version 0.25-a0-603-g0321be95db (webtiles) character file.

Game seed: 13242225781574177413, levelgen mode: deterministic

4 Notrik the Skirmisher (level 1, 0/20 HPs)
             Began as a Hill Orc Fighter on Mar 16, 2020.
             Slain by a jackal (1 damage)
             ... on level 1 of the Dungeon.
             The game lasted 00:00:29 (129 turns).

Notrik the Skirmisher (Hill Orc Fighter)             Turns: 129, Time: 00:00:30

Health: 0/20       AC:  6    Str: 18    XL:     1   Next: 60%
Magic:  1/1        EV:  7    Int:  8    God:
Gold:   0          SH:  9    Dex: 10    Spells: 0/0 levels left

rFire    . . .     SeeInvis .   f - -3 hand axe (curse)
rCold    . . .     Gourm    .   c - +0 kite shield
rNeg     . . .     Faith    .   b - +0 scale mail
rPois    .         Spirit   .   (no helmet)
rElec    .         Reflect  .   (no cloak)
rCorr    .         Harm     .   (no gloves)
MR       .....                  (no boots)
Stlth    ..........             (no amulet)
HPRegen  0.06/turn              (no ring)
MPRegen  0.07/turn              (no ring)

@: no status effects
A: no striking features
a: no special abilities


You were on level 1 of the Dungeon.
You were not hungry.

You visited 1 branch of the dungeon, and saw 1 of its levels.

Inventory:

Hand Weapons
 a - a +0 war axe
 f - a cursed -3 hand axe (weapon)
   (You found it on level 1 of the Dungeon)
Armour
 b - a +0 scale mail (worn)
 c - a +0 kite shield (worn)
Potions
 d - a potion of might
Comestibles
 e - 3 rations {!d}
 g - a chunk of flesh


   Skills:
 + Level 3.8 Fighting
 + Level 3.0 Axes
 - Level 3.2 Armour
 - Level 3.2 Shields


You couldn't memorise any spells.
You didn't know any spells.
Your spell library was empty.

Dungeon Overview and Level Annotations

Branches:
Dungeon (1/15)

Altars:


Message History

You hit the jackal. You block the jackal's attack.
The jackal bites you but does no damage.
You hit the jackal. The jackal barely misses you.
You block the jackal's attack.
Your shield and scale mail prevent you from hitting the jackal.
You block the jackal's attack.
The jackal bites you but does no damage.
You hit the jackal. You block the jackal's attack.
You miss the jackal. You block the jackal's attack.
The jackal closely misses you.
Your shield and scale mail prevent you from hitting the jackal.
The jackal bites you.
* * * LOW HITPOINT WARNING * * *
The jackal bites you.
* * * LOW HITPOINT WARNING * * *
You closely miss the jackal.
The jackal bites you but does no damage. x2
You hit the jackal.
You kill the jackal!
You block the jackal's attack.
Unknown command.
You miss the jackal. You block the jackal's attack.
Your shield prevents you from hitting the jackal.
The jackal closely misses you.
The jackal bites you but does no damage.
Unknown command.
You hit the jackal.
The jackal bites you but does no damage.
The jackal barely misses you.
You closely miss the jackal.
The jackal bites you but does no damage.
The jackal bites you.
* * * LOW HITPOINT WARNING * * *
You hit the jackal.
You kill the jackal!
Your Axes skill increases to level 3!
You hit the jackal but do no damage. You block the jackal's attack.
The jackal barely misses you.
You hit the jackal but do no damage. The jackal closely misses you.
Unknown command.
You barely miss the jackal. You block the jackal's attack.
The jackal bites you.
* * * LOW HITPOINT WARNING * * *
You hit the jackal but do no damage. You block the jackal's attack.
The jackal bites you but does no damage.
Unknown command.
Your shield and scale mail prevent you from hitting the jackal.
The jackal bites you but does no damage.
You closely miss the jackal. The jackal bites you.
You die...

## .. #.
#. #. #.
#.#######
#..h@...#
#######.#
#.# #.#
#####.#
#...#.#
#.#.#.#
#.#...##
#.#....#


You could see a jackal.

Vanquished Creatures
  A hobgoblin (D:1)
  2 jackals (D:1)
3 creatures vanquished.

Notes
Turn   | Place    | Note
-------+----------+-------------------------------------------
     0 | D:1      | Notrik the Hill Orc Fighter began the quest for the Orb.
     0 | D:1      | Reached XP level 1. HP: 19/19 MP: 1/1
   126 | D:1      | HP: 1/20 [jackal (2)]
   129 | D:1      | Slain by a jackal

Levels and vault maps discovered:
D:1:      psy_arrival_statuary, layout_basic

Skill      XL: |  1 |
---------------+----+-----
Axes           | 3 |  3.0
Fighting       | |  3.8
Armour         | |  3.2
Shields        | |  3.2

Action                   || total
-------------------------++-------
Melee: Hand axe          ||    34
Armor: Scale mail        ||    17
Dodge: Dodged            ||    13
Block: Kite shield       ||    22

Table legend:
 A = Non-vault XP
 B = Vault XP
 C = Vault XP percentage of total XP
 D = Non-vault monster count
 E = Vault monster count
 F = Vault count percentage of total count
                 A         B        C        D         E       F
            +---------+---------+-------+---------+---------+-------
      Total |       6 |       0 |   0.0 |       3 |       0 |   0.0
            +---------+---------+-------+---------+---------+-------
        D:1 |       6 |       0 |   0.0 |       3 |       0 |   0.0
            +---------+---------+-------+---------+---------+-------
